Map: Jagannatha LE

Players

Alziur

  • Race: Terran Terran
  • Spawn Location: 7:00

ViBE - Winner!

  • Race: Terran Terran
  • League: Silver
  • Spawn Location: 1:00

VOD

https://www.youtube.com/watch?v=VjhJ7E-kFgw&list=PLFeZeom2b4DnD3FIu7pzkXl51JX_WWz2h&index=2

Description

Time

  • Played on: March 11, 2021, 6:43 p.m.
  • Length: 18:13
Show
View Real Time Build Order
Export as new Build Order

Alziur Terran 

Build Orders:  

Get SALT Encoding   

  12  0:01  SCV  
  13  0:13  SCV  
  14  0:22  Supply Depot  
  14  0:25  SCV  
  15  0:43  SCV  
  16  0:50  Barracks  
  16  0:55  SCV  
  17  1:00  Refinery  
  17  1:07  SCV  
  18  1:13  Barracks  
  18  1:28  Supply Depot  
  18  1:31  SCV  
  19  1:43  SCV  
  20  1:50  Refinery  
  20  1:56  SCV  
  21  2:08  SCV  
  22  2:09  Bunker  
  22  2:20  SCV, Factory  
  23  2:26  Barracks Reactor  
  23  2:36  Supply Depot  
  23  2:41  SCV  
  24  2:54  SCV  
  24  2:55  Engineering Bay  
  25  2:59  Supply Depot  
  25  3:06  SCV  
  25  3:09  Marine x2  
  25  3:10  Barracks Reactor  
  28  3:13  Factory Tech Lab  
  28  3:23  Supply Depot  
  28  3:27  Marine  
  29  3:37  Orbital Command  
  29  3:43  Siege Tank  
  29  3:45  Supply Depot  
  32  3:48  Marine x2  
  33  4:14  Marine  
  33  4:15  Marine x3, Siege Tank  
  40  4:30  Supply Depot  
  40  4:32  Marine  
  41  4:53  Supply Depot  
  41  5:01  Widow Mine  
  43  5:15  Supply Depot  
  43  5:23  Widow Mine  
  45  5:38  Supply Depot  
  45  5:55  Command Center  
  45  6:00  Supply Depot  
  45  6:14  Factory Tech Lab  
  45  6:25  Marine x2  
  45  6:26  Marine x2  
  49  6:35  Starport  
  49  6:43  Marine x3  
  49  6:44  Marine  
  53  6:55  Terran Infantry Weapons Level 1  
  53  7:01  Marine x4  
  53  7:02  Barracks  
  57  7:12  Starport  
  57  7:19  Marine x2  
  59  7:23  Planetary Fortress  
  59  7:32  Missile Turret  
  59  7:38  Cyclone  
  62  7:50  Barracks, Starport  
  62  8:14  Viking x2  
  62  8:16  Missile Turret  
  66  8:29  Armory  
  66  8:36  Widow Mine  
  66  8:38  Missile Turret  
  68  8:44  Viking x2, Starport Reactor  
  72  8:49  Terran Infantry Armor Level 1  
  72  8:54  SCV  
  73  8:58  Widow Mine  
  75  9:07  SCV  
  75  9:09  Barracks Tech Lab  
  76  9:10  Barracks Tech Lab  
  76  9:18  Supply Depot  
  76  9:19  SCV, Widow Mine  
  79  9:31  SCV  
  80  9:41  Widow Mine  
  80  9:42  Supply Depot  
  80  9:43  SCV  
  83  9:50  Medivac  
  83  9:51  Medivac  
  87  9:55  Starport Tech Lab x2  
  87  10:05  Fusion Core, Supply Depot  
  87  10:20  Medivac  
  87  10:21  Medivac  
  91  10:23  Marine x4  
  91  10:28  Supply Depot, Marauder x2  
  100  10:50  Marauder  
  100  10:54  Command Center  
  100  11:00  Refinery x2  
  100  11:01  SCV  
  101  11:14  SCV  
  102  11:23  Marauder x2  
  106  11:26  SCV  
  107  11:38  SCV  
  108  11:44  Marauder x2  
  112  11:50  SCV  
  112  11:52  Marine x4  
  117  12:05  Marauder  
  117  12:06  Marauder  
  121  12:10  Marine x2  
  113  12:27  Marauder x2  
  92  13:03  Battlecruiser  
  92  13:04  Battlecruiser, Factory  
  102  13:49  Factory  
  94  14:08  Battlecruiser  
  87  14:24  Battlecruiser  
  87  14:27  Viking x2  
  87  14:30  Marine  
  87  14:31  Marine x5  
  97  14:43  Orbital Command  
  97  14:46  Factory Tech Lab  
  97  14:48  Marine x2  
  97  14:49  Marine x2  
  97  14:50  Marauder x2  
  105  14:53  Starport  
  105  14:58  SCV  
  106  15:06  Marine x3  
  106  15:07  Marine  
  109  15:11  SCV, Marauder x2  
  115  15:23  SCV  
  115  15:24  Marine, Missile Turret  
  117  15:35  SCV  
  118  15:42  Widow Mine  
  120  15:46  Missile Turret  
  120  15:47  SCV, Starport Reactor  
  121  15:52  Marine x3  
  121  15:53  Marauder x2  
  128  16:00  Medivac  
  128  16:03  Widow Mine  
  132  16:07  Supply Depot  
  132  16:14  Marauder x2  
  136  16:25  Widow Mine  
  138  16:30  Supply Depot  
  138  16:36  Marauder x2  
  141  16:46  Widow Mine  
  113  16:53  Supply Depot  
  76  16:57  Marauder  
  76  17:07  Widow Mine  
  56  17:19  Marauder x2  
  33  17:40  Marauder  
  33  17:41  Marauder  
Show
View Real Time Build Order
Export as new Build Order

ViBE Terran - Winner!

Build Orders:  

Get SALT Encoding   

  12  0:01  SCV  
  13  0:13  SCV  
  14  0:24  Supply Depot  
  14  0:26  SCV  
  15  0:46  SCV  
  16  0:50  Barracks  
  16  0:59  SCV  
  17  1:12  SCV  
  18  1:24  SCV  
  19  1:37  SCV  
  20  1:40  Refinery  
  20  1:48  Marine  
  20  1:54  Command Center  
  21  1:58  Orbital Command  
  21  2:02  Supply Depot  
  21  2:06  Marine  
  22  2:24  Marine, SCV  
  24  2:37  Supply Depot  
  24  2:42  Marine  
  26  2:51  SCV  
  26  3:03  SCV  
  26  3:04  Barracks Reactor  
  26  3:05  Factory  
  27  3:08  Refinery  
  28  3:16  Orbital Command  
  28  3:18  Supply Depot  
  27  3:23  Supply Depot  
  27  3:29  SCV  
  28  3:41  Marine x2, SCV  
  28  3:43  SCV  
  32  3:51  Barracks, Factory Tech Lab  
  32  3:53  SCV  
  33  3:58  SCV  
  33  4:00  Marine x2  
  36  4:05  SCV  
  37  4:10  SCV  
  37  4:13  Siege Tank  
  41  4:18  SCV  
  41  4:22  SCV  
  43  4:28  Marine x2  
  43  4:30  SCV  
  46  4:34  SCV  
  47  4:40  Barracks Tech Lab, Starport  
  47  4:44  SCV  
  48  4:46  SCV  
  49  4:55  Marine x2  
  49  4:56  Siege Tank  
  54  5:05  SCV x2  
  56  5:12  Supply Depot  
  56  5:13  Supply Depot  
  56  5:18  Stimpack  
  56  5:19  Marine x3  
  56  5:21  Starport Reactor  
  59  5:23  SCV x2  
  61  5:34  Siege Tank  
  64  5:36  Marine  
  64  5:37  Marine x2  
  64  5:38  Command Center  
  64  5:39  SCV x2  
  64  5:42  Refinery x2  
  69  5:48  Supply Depot  
  69  5:50  Supply Depot  
  69  5:51  Supply Depot  
  69  5:55  Supply Depot  
  69  5:56  Supply Depot  
  69  5:57  Supply Depot, SCV  
  69  5:58  SCV  
  69  6:00  Marine  
  69  6:01  Marine x2  
  69  6:02  Medivac  
  69  6:03  Medivac  
  78  6:10  SCV x2  
  80  6:23  Marine x2  
  80  6:24  Marine  
  83  6:30  Engineering Bay  
  83  6:31  Engineering Bay  
  83  6:33  SCV x2  
  85  6:46  Marine x3  
  88  6:47  Medivac x2  
  92  6:56  Terran Infantry Weapons Level 1  
  92  6:57  Combat Shield  
  92  7:03  Terran Infantry Armor Level 1  
  92  7:16  Marine x3  
  92  7:18  SCV x2  
  92  7:20  Orbital Command  
  97  7:30  SCV x2  
  97  7:35  Command Center  
  99  7:48  Marine  
  99  7:49  Marine x2  
  99  7:51  Medivac x2  
  106  7:54  SCV x3  
  109  8:06  SCV x2  
  109  8:07  SCV  
  112  8:15  Armory  
  112  8:18  SCV x2  
  112  8:19  SCV  
  115  9:04  Terran Infantry Armor Level 2, Terran Infantry Weapons Level 2  
  115  9:17  SCV x3  
  115  9:18  Marine x3  
  115  9:20  Medivac x2  
  125  9:29  Barracks  
  125  9:30  Barracks x2  
  125  9:31  Barracks  
  125  9:34  Barracks  
  125  9:36  Marine, Barracks x2  
  126  10:51  Barracks Reactor x5  
  126  10:52  Barracks Reactor x2  
  126  10:54  Planetary Fortress  
  126  10:58  Marine  
  126  10:59  Marine x2  
  126  11:03  Medivac x2  
  133  11:04  SCV x3  
  133  11:08  Command Center  
  136  11:16  Marine, SCV  
  138  11:21  Refinery  
  138  11:22  Refinery  
  138  11:26  Marine x2  
  138  11:32  Supply Depot x3  
  140  11:33  Medivac x2  
  140  11:34  Marine x12, Supply Depot  
  140  11:35  Marine x3, Supply Depot  
  159  11:43  Marine  
  159  11:44  Marine  
  161  11:48  SCV  
  161  11:49  SCV x2  
  161  11:51  Concussive Shells  
  161  11:53  Marine x12  
  176  12:00  SCV  
  176  12:01  Marine x5, SCV x2  
  179  12:05  SCV  
  179  12:08  Command Center  
  185  12:13  SCV x3  
  188  12:17  Marine x4, SCV  
  188  12:19  Planetary Fortress  
  192  12:25  SCV x3  
  192  12:29  SCV  
  192  12:36  Marine x12  
  194  13:36  Barracks  
  194  13:41  Barracks x2  
  190  13:42  Barracks  
  190  13:44  Barracks x2  
  190  13:46  Barracks  
  178  13:48  Planetary Fortress  
  178  13:50  Barracks  
  178  13:52  Barracks x2  
  178  13:53  SCV  
  178  13:54  SCV  
  178  13:55  Barracks x2  
  171  13:58  Marine x10, Barracks  
  171  13:59  Marine x7  
  171  14:00  Starport, Command Center  
  171  14:02  Terran Infantry Armor Level 3, Terran Infantry Weapons Level 3  
  170  14:04  Terran Vehicle Weapons Level 1  
  123  14:27  Marauder  
  123  14:28  Medivac  
  123  14:29  Medivac  
  129  14:32  Barracks Tech Lab  
  129  14:33  Barracks Tech Lab x3  
  129  14:36  Barracks Reactor x3  
  129  14:37  Barracks Reactor  
  129  14:39  Barracks Reactor x2  
  129  14:41  Starport Reactor  
  129  14:43  Barracks Reactor x2  
  129  14:44  Barracks Reactor  
  129  14:49  Marine x11, Marauder  
  129  14:50  Marine x5  
  147  15:20  Planetary Fortress  
  147  15:34  Marauder  
  147  15:35  Marine, Marauder x4  
  157  15:36  Marine x26, Command Center  
  157  15:37  Marine x7  
  157  15:39  Medivac x4  
  199  15:53  Marine  
  200  16:39  Hi-Sec Auto Tracking  
  183  16:50  Marauder x5  
  183  16:52  Marine x16  
  183  16:53  Marine  
  200  16:55  Marine x2  
  171  17:11  Marauder x2  
  171  17:12  Marauder x3  
  171  17:14  Marine x10  
  171  17:15  Marine x20  
  193  17:31  Medivac x4  
  193  17:42  Marine x13  
  200  17:48  Marine x3, Command Center  
Tags
 
League
Silver
Matchup
TvT
Player
ViBE
Race
Terran
Replay Pack
Bronze_League
Spawn Locations
Cross Positions
Add a new tag
Caveats
  • Supply blocks, unpowered buildings, or Contaminate may cause inaccurate times.
  • Supply counts are checked every 10 seconds.